 Dungeon Crawl Stone Soup version 0.32-a0-576-g706899e69d (console) character file.

Game seed: 555536055058356368

7 petzl the Sneak (level 2, -5/24 HPs)
             Began as a Formicid Delver on Mar 1, 2024.
             Slain by a kobold brigand
             ... wielding a +0 short sword
              (6 damage)
             ... on level 8 of the Dungeon.
             The game lasted 00:02:47 (404 turns).

petzl the Sneak (Formicid Delver)                    Turns: 404, Time: 00:02:47

Health: -5/24      AC:  6    Str: 16    XL:     2   Next: 10%
Magic:  4/4        EV: 12    Int:  9    God:
Gold:   17         SH:  0    Dex: 15    Spells: 4/4 levels left

rFire   . . .        e - +0 mace
rCold   . . .        (no shield)
rNeg    . . .        b - +0 leather armour
rPois   .            (helmet unavailable)
rElec   .            (no cloak)
rCorr   .            (no gloves)
SInv    +            i - +2 pair of boots
Will    .....        (no amulet)
Stlth   +++          (no ring)
HPRegen 0.24/turn    (no ring)
MPRegen 0.09/turn

%: no passive effects
@: no status effects
A: permanent stasis, dig shafts and tunnels, antennae 3, four strong arms
a: Dig, Shaft Self


You were on level 8 of the Dungeon.
You visited 1 branch of the dungeon, and saw 4 of its levels.

You collected 17 gold pieces.

Inventory:

Hand Weapons
 a - a +0 dagger of venom {!f =f}
 e - a +0 mace (weapon)
Armour
 b - a +0 leather armour (worn)
 i - a +2 pair of boots (worn)
Wands
 f - a wand of digging (3)
 g - a wand of flame (23)
Scrolls
 c - a scroll of fog
 d - a scroll of revelation
Potions
 h - a potion of lignification {unknown}


   Skills:
 - Level 3.2 Fighting
 - Level 2.0 Maces & Flails
 - Level 1.7 Dodging
 - Level 6.0 Stealth
 + Level 1.6 Spellcasting


You had 4 spell levels left.
You didn't know any spells.
Your spell library was empty.

Dungeon Overview and Level Annotations

Branches:
Dungeon (6/15)
 Temple: D:4-7

Altars:

Annotations:
D:5 exclusions: scorpion and sensed monster (detected), Grinder


Innate Abilities, Weirdness & Mutations

You cannot be hasted, slowed, berserked, paralysed or teleported.
You can dig through walls and to a lower floor.
You have a pair of large antennae on your head. (SInv)
Your four strong arms can wield two-handed weapons with a shield.


Message History

As you read the scroll of fear, it crumbles to dust.
You assume a fearsome visage.
The kobold brigand looks frightened!
A kobold brigand opens the door.
The kobold brigand begs for mercy.
Items here: ( ))) †.
e - a +0 dagger of venom {!f =f} Adjust (i)tems, (s)pells, or (a)bilities?
e - a +0 dagger of venom {!f =f} Adjust to which letter? (? for menu, Esc to quit)
a - a +0 dagger of venom {!f =f};
e - a +0 mace (weapon)
Search for what [? for help]? .
Unknown command.
Things that are here:
a +0 dagger {!f =f}; 2 stones You see here a +2 pair of boots.
i - a +2 pair of boots You start putting on your armour.
You continue putting on your +2 pair of boots. x4
You finish putting on your +2 pair of boots.
Unknown command.
You start resting.
A kobold brigand is nearby!
You start resting.
A kobold brigand is nearby!
The kobold brigand hits you with a +0 short sword.
You hit the kobold brigand.
The kobold brigand is moderately wounded.
The kobold brigand completely misses you.
The kobold brigand closely misses you.
You hit the kobold brigand.
The kobold brigand is moderately wounded.
The kobold brigand hits you with a +0 short sword.
You hit the kobold brigand.
The kobold brigand is heavily wounded.
The kobold brigand hits you with a +0 short sword!
* * * LOW HITPOINT WARNING * * *
You sock the kobold brigand!
The kobold brigand is severely wounded.
The kobold brigand hits you with a +0 short sword.
You die...

≈... #.# ... #. #.# K. #
#.##.# {.## #.#.##.# ###
#'# .#.##.####.###)##
........#.##.#.####.#
#.##......).###.....#
#.#.......#..#.##.###
#..#.#..###.#.## #
#.##.##.###.#.###.#
#..........K...##.# #
#.##.##........##.# .#
##.#.#.####....##.## ##.
#...# #.#.##...##...
##.## #.#.#.....#.# #.#
#.#.........#
#.######.###.....#######
#.....@K.# ##...........
########## ##.########.
### ##


You could see a kobold brigand.

Vanquished Creatures
  6 kobolds (D:8)
6 creatures vanquished.

Notes
Turn   | Place    | Note
-------+----------+-------------------------------------------
     0 | D:5      | petzl the Formicid Delver began the quest for the Orb.
     0 | D:5      | Reached XP level 1. HP: 18/18 MP: 1/1
    26 | D:6      | Noticed a jelly
    53 | D:5      | Noticed a scorpion
    60 | D:5      | Noticed Grinder
    84 | D:5      | You fall into a shaft and drop 2 floors!
   149 | D:7      | Noticed a black bear
   161 | D:7      | Noticed a centaur
   162 | D:7      | Noticed a howler monkey
   169 | D:7      | You fall into a shaft and drop 1 floor!
   339 | D:8      | Noticed a kobold brigand
   341 | D:8      | Reached skill level 1 in Spellcasting
   352 | D:8      | Reached XP level 2. HP: 9/24 MP: 4/4
   403 | D:8      | HP: 1/24 [kobold brigand/+0 short sword (8)]
   404 | D:8      | Slain by a kobold brigand

Illustrated notes

Levels and vault maps discovered:
D:5:      layout_cave_pools, minmay_ruined_shrine, uniq_grinder, uniq_pikel
D:6:      layout_basic, nicolae_wu_jian_immortal_techniques, uniq_blork_the_orc,
          uniq_maggie
D:7:      minmay_the_grid_triangle_9x9_rhombus_full
          [minmay_the_grid_triangle_9x9_dagger,
          minmay_the_grid_triangle_9x9_limited_checkers,
          minmay_the_grid_triangle_9x9_empty,
          minmay_the_grid_triangle_9x9_alien,
          minmay_the_grid_triangle_9x9_steps,
          minmay_the_grid_triangle_9x9_skeleton,
          minmay_the_grid_triangle_9x9_pentomino_pain,
          minmay_the_grid_triangle_9x9_prize_special], layout_rooms,
          minmay_temple_entry_offerings
D:8:      layout_loops_ring, chequers_serial_rivers_room_a

Skill      XL: |  1 |
---------------+----+-----
Spellcasting   | 1 |  1.6
Fighting       | |  3.2
Maces & Flails | |  2.0
Dodging        | |  1.7
Stealth        | |  6.0

Action                     || total
---------------------------++-------
  Melee: Mace              ||    22
Ability: Shaft Self        ||     2
  Evoke: Wand              ||     3
    Use: Scroll            ||     1
 Armour: Leather armour    ||    27
  Dodge: Dodged            ||    19

Table legend: (Time is in decaauts)
 A = Elapsed time spent in this place.
 B = Non-inter-level travel time spent in this place.
 C = Inter-level travel time spent in this place.
 D = Time resting spent in this place.
 E = Time spent auto-exploring this place.
 F = Levels seen in this place.
 G = Mean time per level.
                   A        B        C        D        E       F      G
               +--------+--------+--------+--------+--------+-----+--------+
         Total |    410 |    389 |     21 |     88 |    130 |   4 |  102.5 |
       Dungeon |    410 |    389 |     21 |     88 |    130 |   4 |  102.5 |
               +--------+--------+--------+--------+--------+-----+--------+

Top non-repeatable levels by time:
     D:8: 240 daAuts
     D:7: 85 daAuts
     D:6: 48 daAuts
     D:5: 35 daAuts
